 Dungeon Crawl Stone Soup version 0.29.1-14-g9c671dbff4 (webtiles) character file.

Game seed: 4034562134857811347

0 SmashMania the Sneak (level 1, -1/9 HPs)
             Began as a Spriggan Conjurer on Feb 21, 2023.
             Slain by a kobold
             ... wielding a +0 short sword
              (3 damage)
             ... on level 1 of the Dungeon.
             The game lasted 00:02:24 (57 turns).

SmashMania the Sneak (Spriggan Conjurer)              Turns: 57, Time: 00:02:25

Health: -1/9       AC:  2    Str:  3    XL:     1   Next: 8%
Magic:  5/5        EV: 17    Int: 19    God:
Gold:   0          SH:  0    Dex: 13    Spells: 4/5 levels left

rFire   . . .      SeeInvis +   (weapon restricted)
rCold   . . .      Faith    .   (no shield)
rNeg    . . .      Spirit   .   a - +0 robe
rPois   .          Reflect  .   (helmet restricted)
rElec   .          Harm     .   (no cloak)
rCorr   .          Rampage  .   (gloves unavailable)
Will    .....                   (boots unavailable)
Stlth   ++........              (no amulet)
HPRegen 0.03/turn               (no ring)
MPRegen 0.09/turn               (no ring)

@: very quick
A: very small, no large weapons, unfitting armour, see invisible, speed 3
a: no special abilities


You were on level 1 of the Dungeon.
You visited 1 branch of the dungeon, and saw 1 of its levels.

Inventory:

Armour
 a - a +0 robe (worn)
Scrolls
 c - a scroll of summoning {unknown}
Potions
 b - a potion of magic


   Skills:
 + Level 2.6 Dodging
 + Level 3.0 Stealth
 + Level 2.6 Spellcasting
 + Level 3.0 Conjurations


You had 4 spell levels left.
You knew the following spells:

 Your Spells              Type           Power      Damage    Failure   Level
a - Magic Dart            Conj           56%        1d5       4%          1

Your spell library contained the following spells:

 Spells                   Type           Power      Damage    Failure   Level
 Searing Ray              Conj           28%        2d5       7%          2
 Dazzling Flash           Conj/Hex       16%        N/A       26%         3
 Fulminant Prism          Conj/Hex       4%         3d6       63%         4
 Iskenderun's Mystic Bla  Conj/Tloc      8%         2d4       63%         4


Dungeon Overview and Level Annotations

Branches:
Dungeon (1/15)

Altars:


Innate Abilities, Weirdness & Mutations

You are very small and have problems with some larger weapons.
You are too small for most types of armour.
You have supernaturally acute eyesight. (SInv)
You cover ground extremely quickly. (Speed+++)


Message History

You see here 5 stones.
Found a cyan potion.
A jackal comes into view.
Found a whip.
The jackal barks!
You hear a shout! x2
A kobold comes into view. It is wielding a +0 short sword.
You hear a bark!
You hear a shout!
You hear an angry hiss.
A frilled lizard, a bat and a kobold come into view.
The kobold is wielding a +0 whip of holy wrath.
A kobold comes into view. It is wielding a +0 club.
The kobold moves out of view.
A frilled lizard comes into view.
Found a scroll labelled OZXEIRASIT.
The frilled lizard hisses angrily.
You barely miss the jackal. The jackal misses you.
You hit the jackal but do no damage. The bat misses you.
The jackal closely misses you.
A jackal comes into view.
The jackal bites you.
You closely miss the jackal. The bat closely misses you.
The jackal completely misses you.
You hit the jackal.
The jackal is lightly wounded.
The bat barely misses you.
The kobold hits you with a +0 short sword.
The jackal barely misses you.
You hit the jackal but do no damage.
The jackal is lightly wounded.
The bat misses you. The kobold barely misses you.
The kobold hits you with a +0 club.
* * * LOW HITPOINT WARNING * * *
The jackal barely misses you.
You barely miss the jackal. The bat completely misses you.
The jackal completely misses you. The kobold barely misses you.
The kobold misses you. The jackal barely misses you.
The jackal bites you but does no damage.
You hit the jackal but do no damage. The bat closely misses you.
The jackal completely misses you.
The kobold hits you with a +0 short sword.
You die...

......P~≈≈# .....P~≈≈≈#
P.<.P~≈≈≈≈# .
.....P~≈≈≈# ..
......P~≈≈# ###..
...(...P~~# .!. #
........P~#######b###...
.........P#......K......
##..............@hl###.
..#.............hK.lK#
#..................#...?
####.....#........## ..#
#......)........# .#
#.......#####.#.#
#.......# #.....
##.....## ##.....
##...## #####


You could see 2 jackals, a bat, 3 kobolds and 2 frilled lizards.

Vanquished Creatures
  A goblin (D:1)
1 creature vanquished.

Notes
Turn   | Place    | Note
-------+----------+-------------------------------------------
     0 | D:1      | SmashMania the Spriggan Conjurer began the quest for the
                  | Orb.
     0 | D:1      | Reached XP level 1. HP: 9/9 MP: 5/5
    57 | D:1      | Slain by a kobold

Illustrated notes

Levels and vault maps discovered:
D:1:      eino_arrival_druids_welcome, layout_rooms,
          dreamdust_ecumenical_altar_statues, chequers_decorated_corner,
          minmay_pentomino_s4

Skill      XL: |  1 |
---------------+----+-----
Conjurations   | 3 |  3.0
Dodging        | |  2.6
Stealth        | |  3.0
Spellcasting   | |  2.6

Action                   || total
-------------------------++-------
Melee: Unarmed           ||    13
 Stab: Sleeping          ||     1
Armor: Robe              ||     3
Dodge: Dodged            ||    19
